 Dungeon Crawl Stone Soup version 0.25-a0-667-gb977e01cb5 (webtiles) character file.

Game seed: 8783751732464580787, levelgen mode: deterministic

686 CryoSword the Archer (level 7, -3/90 HPs)
             Began as a Centaur Hunter on Mar 27, 2020.
             Slain by a killer bee (4 damage)
             ... on level 4 of the Dungeon.
             The game lasted 00:13:28 (5449 turns).

CryoSword the Archer (Centaur Hunter)               Turns: 5449, Time: 00:13:28

Health: -3/90      AC: 23    Str: 15    XL:     7   Next: 35%
Magic:  16/16      EV:  1    Int: 15    God:
Gold:   296        SH:  0    Dex: 11    Spells: 6/6 levels left

rFire    . . .     SeeInvis .   a - +1 shortbow
rCold    . . .     Gourm    .   (shield currently unavailable)
rNeg     + + +     Faith    .   (armour currently unavailable)
rPois    +         Spirit   .   (helmet currently unavailable)
rElec    .         Reflect  .   (cloak currently unavailable)
rCorr    .         Harm     .   (gloves currently unavailable)
MR       .....     NoTele   +   (no barding)
Stlth    +.........             (no amulet)
HPRegen  0.25/turn              i - ring of magical power
MPRegen  0.15/turn              t - +5 ring of intelligence

@: lethally poisoned (-3 -> -5), tree-form
A: large
a: no special abilities


You were on level 4 of the Dungeon.
You were not hungry.
You were a tree.
You visited 1 branch of the dungeon, and saw 5 of its levels.
You also visited: Ossuary.

You collected 296 gold pieces.

Inventory:

Hand Weapons
 a - a +1 shortbow (weapon)
 b - a +0 spear
   (You took it off a gnoll on level 3 of the Dungeon)
 u - a cursed +0 halberd
   (You took it off a gnoll on level 3 of the Dungeon)
Missiles
 d - 33 arrows (quivered)
 w - 3 boomerangs
Armour
 r - a +1 helmet (melded)
   (You took it off Robin on level 2 of the Dungeon)
 C - a +2 ring mail of fire resistance (melded)
   (You found it in an ossuary)
Jewellery
 c - an uncursed ring of magical power
   (You found it on level 4 of the Dungeon)
 i - a ring of magical power (left branch)
   (You found it on level 1 of the Dungeon)
 t - a +5 ring of intelligence (right branch)
   (You found it on level 2 of the Dungeon)
Wands
 q - a wand of flame (20)
   (You took it off Robin on level 2 of the Dungeon)
 F - a wand of paralysis (4)
   (You took it off Ijyb on level 4 of the Dungeon)
Scrolls
 k - a scroll of blinking {unknown}
 m - 3 scrolls of remove curse {@r2}
 o - 2 scrolls of teleportation {@r4}
 p - 3 scrolls of enchant armour
 x - a scroll of fear {unknown}
 y - 3 scrolls of identify {unknown}
 z - 2 scrolls of immolation {unknown}
 A - a scroll of acquirement {unknown}
 B - 2 scrolls of amnesia {unknown}
Potions
 e - a potion of magic {unknown}
 g - a potion of stabbing {unknown}
 h - a potion of heal wounds {unknown}
 j - a potion of might {unknown}
 l - a potion of flight
 n - a potion of resistance {unknown}
 s - 3 potions of curing {@q1}
 v - 2 potions of lignification {!q}
 E - a potion of invisibility {unknown}
 G - a potion of brilliance {unknown}
Comestibles
 f - 8 rations {!d}
 D - a chunk of flesh


   Skills:
 + Level 4.5 Fighting
 - Level 2.1 Polearms
 * Level 9.4 Bows
 + Level 0.5 Armour
 - Level 2.0 Dodging
 - Level 0.4 Stealth


You had 6 spell levels left.
You didn't know any spells.
Your spell library was empty.

Dungeon Overview and Level Annotations

Branches:
Dungeon (5/15)            Ossuary (visited)
 Temple: D:4-7

Altars:
Gozag
Makhleb
Nemelex Xobeh
Sif Muna
Uskayaw
Wu Jian
Xom

Shops:
D:4 *   D:5 (


Innate Abilities, Weirdness & Mutations

((You have hooves in place of feet.))
((Armour fits poorly on your strangely shaped body.))
((You cover ground very quickly.))
((You have extremely tough skin. (AC +3)))


Message History

The killer bee stings you.
You are poisoned.
The killer bee poisons you!
The killer bee stings you but does no damage.
You feel sick.
There is a stone staircase leading up here.
You feel sick. The killer bee stings you.
The killer bee stings you but does no damage.
The killer bee closely misses you. The killer bee stings you.
You climb upwards.
Reactivating autopickup.
You feel sick.
There is a stone staircase leading down here.
Firing (i - inventory. (/) - cycle)
d - 46 arrows (quivered)
Press: ? - help, Shift-Dir - straight line, f - killer bee
Aim: a killer bee You shoot an arrow.
The arrow closely misses the killer bee.
The killer bee stings you.
The killer bee stings you but does no damage.
The killer bee barely misses you.
Firing (i - inventory. (/) - cycle)
d - 45 arrows (quivered)
Press: ? - help, Shift-Dir - straight line, f/p - killer bee
Aim: a killer bee You shoot an arrow.
The arrow hits the killer bee.
The killer bee is moderately wounded.
You feel sick.
The killer bee stings you but does no damage.
The killer bee stings you. The killer bee barely misses you.
Firing (i - inventory. (/) - cycle)
d - 44 arrows (quivered)
Press: ? - help, Shift-Dir - straight line, f/p - killer bee
Aim: a killer bee (moderately wounded)
You shoot an arrow. The arrow misses the killer bee.
The killer bee closely misses you. x2; The killer bee stings you.
The killer bee closely misses you.
Firing (i - inventory. (/) - cycle)
d - 43 arrows (quivered)
Press: ? - help, Shift-Dir - straight line, f/p - killer bee
Aim: a killer bee (moderately wounded)
You shoot an arrow.
The arrow completely misses the killer bee.
You feel sick.
The killer bee stings you but does no damage.
The killer bee stings you. x2
You are too injured to fight recklessly!
You are too injured to fight recklessly!
You are too injured to fight recklessly!
Firing (i - inventory. (/) - cycle)
d - 42 arrows (quivered)
Press: ? - help, Shift-Dir - straight line, f/p - killer bee
Aim: a killer bee (moderately wounded)
You shoot an arrow.
The arrow closely misses the killer bee.
The killer bee stings you but does no damage.
The killer bee stings you.
* * * LOW HITPOINT WARNING * * *
The killer bee barely misses you.
Firing (i - inventory. (/) - cycle)
d - 41 arrows (quivered)
Press: ? - help, Shift-Dir - straight line, f/p - killer bee
Aim: a killer bee (moderately wounded)
You shoot an arrow. The arrow misses the killer bee.
You feel sick. The killer bee barely misses you. The killer bee stings you.
* * * LOW HITPOINT WARNING * * *
You are more poisoned.
The killer bee poisons you! The killer bee stings you.
* * * LOW HITPOINT WARNING * * *
The killer bee stings you.
* * * LOW HITPOINT WARNING * * *
Firing (i - inventory. (/) - cycle)
d - 40 arrows (quivered)
Press: ? - help, Shift-Dir - straight line, f/p - killer bee
Aim: a killer bee (moderately wounded)
You shoot an arrow.
The arrow closely misses the killer bee.
The killer bee stings you.
* * * LOW HITPOINT WARNING * * *
The killer bee stings you.
* * * LOW HITPOINT WARNING * * *
The killer bee stings you but does no damage.
Okay, then.
Firing (i - inventory. (/) - cycle)
d - 39 arrows (quivered)
Press: ? - help, Shift-Dir - straight line, f/p - killer bee
Aim: a killer bee (moderately wounded)
You shoot an arrow. The arrow barely misses the killer bee.
You feel sick. The killer bee stings you.
* * * LOW HITPOINT WARNING * * *
You are lethally poisoned!
The killer bee poisons you!
The killer bee stings you but does no damage. x2
It was a potion of flight.
You feel very buoyant.
You fly up into the air.
* * * LOW HITPOINT WARNING * * *
You feel sick. The killer bee barely misses you. The killer bee stings you.
* * * LOW HITPOINT WARNING * * *
The killer bee closely misses you.
The killer bee stings you but does no damage.
It was a potion of curing.
You feel better. The killer bee barely misses you.
The killer bee stings you but does no damage.
The killer bee stings you.
* * * LOW HITPOINT WARNING * * *
The killer bee stings you but does no damage.
It was a potion of lignification.
You turn into a tree.
Your +1 helmet melds into your body.
Your +2 ring mail of fire resistance melds into your body.
You feel less resistant to fire.
Your roots penetrate the ground.
The killer bee stings you.
* * * LOW HITPOINT WARNING * * *
You are poisoned.
The killer bee poisons you!
The killer bee stings you but does no damage. x3
Firing (i - inventory. (/) - cycle)
d - 38 arrows (quivered)
Press: ? - help, Shift-Dir - straight line, f/p - killer bee
Aim: a killer bee (moderately wounded)
You shoot an arrow.
The arrow closely misses the killer bee.
You feel sick. The killer bee stings you.
* * * LOW HITPOINT WARNING * * *
The killer bee stings you but does no damage.
The killer bee stings you.
* * * LOW HITPOINT WARNING * * *
The killer bee stings you.
* * * LOW HITPOINT WARNING * * *
Firing (i - inventory. (/) - cycle)
d - 37 arrows (quivered)
Press: ? - help, Shift-Dir - straight line, f/p - killer bee
Aim: a killer bee (moderately wounded)
You shoot an arrow. The arrow misses the killer bee.
* * * LOW HITPOINT WARNING * * *
You feel sick.
The killer bee stings you but does no damage. x3
Firing (i - inventory. (/) - cycle)
d - 36 arrows (quivered)
Press: ? - help, Shift-Dir - straight line, f/p - killer bee
Aim: a killer bee (moderately wounded)
You shoot an arrow. The arrow hits the killer bee.
The killer bee is heavily wounded.
The killer bee stings you.
* * * LOW HITPOINT WARNING * * *
The killer bee stings you but does no damage. x2
Firing (i - inventory. (/) - cycle)
d - 35 arrows (quivered)
Press: ? - help, Shift-Dir - straight line, f/p - killer bee
Aim: a killer bee (heavily wounded)
You shoot an arrow. The arrow barely misses the killer bee.
* * * LOW HITPOINT WARNING * * *
You feel sick.
The killer bee stings you but does no damage. x3
Firing (i - inventory. (/) - cycle)
d - 34 arrows (quivered)
Press: ? - help, Shift-Dir - straight line, f/p - killer bee
Aim: a killer bee (heavily wounded)
You shoot an arrow.
The arrow completely misses the killer bee.
The killer bee stings you but does no damage.
The killer bee stings you.
You die...

###+##.....##'##.....#
##...##..
..................####
########
..................#
..................#
..................###
.....#####..........#
###### #..........#
#......y...#
#(....y♣...#
#..........#
#..........#
#..........#
############


You could see 2 killer bees.

Vanquished Creatures
  An ogre (D:4)
  2 elf zombies (Ossuary)
  A hound (D:4)
  A human zombie (Ossuary)
  A centaur skeleton (D:5)
  Natasha (thrice) (D:2)
  Ijyb (D:4)
  3 big kobold zombies (Ossuary)
  A hound zombie (Ossuary)
  4 mummies (Ossuary)
  Robin (D:2)
  3 gnolls (D:3)
  An adder (D:4)
  An ooze (D:2)
  3 adder zombies (Ossuary)
  3 worms
  A dart slug (D:1)
  4 leopard geckos
  4 orcs (D:3)
  2 giant cockroaches (D:2)
  17 goblins
  7 hobgoblins
  2 jackals (D:2)
  A quokka (D:4)
  2 bats (D:2)
  7 frilled lizards
  8 kobolds
  An orc zombie (Ossuary)
  A quokka zombie (D:5)
  4 rats
  A rat zombie (Ossuary)
  A plant (D:3)
93 creatures vanquished.

Notes
Turn   | Place    | Note
-------+----------+-------------------------------------------
     0 | D:1      | CryoSword the Centaur Hunter began the quest for the Orb.
     0 | D:1      | Reached XP level 1. HP: 17/17 MP: 1/1
   128 | D:1      | Reached XP level 2. HP: 24/24 MP: 2/2
   918 | D:2      | Reached skill level 6 in Bows
   982 | D:2      | Reached XP level 3. HP: 30/30 MP: 3/3
  1100 | D:2      | Noticed Robin
  1125 | D:2      | Killed Robin
  1317 | D:2      | Found a shimmering blue altar of Sif Muna.
  1366 | D:2      | Noticed Natasha
  1370 | D:2      | Killed Natasha
  1370 | D:2      | Reached XP level 4. HP: 27/37 MP: 4/4
  1754 | D:2      | Noticed Natasha
  1762 | D:2      | Killed Natasha
  1762 | D:2      | Reached skill level 7 in Bows
  1872 | D:2      | Found a shimmering blue altar of Sif Muna.
  2413 | D:2      | Found a shimmering blue altar of Sif Muna.
  2455 | D:2      | Noticed Natasha
  2470 | D:2      | Killed Natasha
  2470 | D:2      | Reached XP level 5. HP: 22/45 MP: 5/5
  3116 | D:3      | Found a faded altar of an unknown god.
  3647 | D:4      | Found Zydwisa's Elemental Accessories.
  3654 | D:4      | Noticed an ogre
  3659 | D:4      | Killed an ogre
  3659 | D:4      | Reached skill level 8 in Bows
  3659 | D:4      | Reached XP level 6. HP: 52/52 MP: 6/6
  3683 | D:4      | Found a sand-covered staircase.
  3694 | Ossuary  | Entered an ossuary
  3729 | Ossuary  | Reached skill level 1 in Polearms
  4244 | Ossuary  | Reached skill level 9 in Bows
  4244 | Ossuary  | Reached XP level 7. HP: 56/59 MP: 7/7
  4819 | D:4      | Noticed Ijyb
  4827 | D:4      | Paralysed by Ijyb for 3 turns
  4833 | D:4      | Killed Ijyb
  5068 | D:4      | Found an opulent altar of Gozag.
  5136 | D:4      | Found a shimmering altar of Xom.
  5142 | D:4      | Found a sparkling altar of Nemelex Xobeh.
  5142 | D:4      | Found an ornate altar of the Wu Jian Council.
  5142 | D:4      | Found a hide-covered altar of Uskayaw.
  5147 | D:4      | Found a burning altar of Makhleb.
  5259 | D:5      | Entered Level 5 of the Dungeon
  5377 | D:5      | Found Hoonecsy's Antique Weapon Shop.
  5445 | D:4      | HP: 3/90 [killer bee (3)]
  5448 | D:4      | HP: 1/90 [poisoned by a killer bee]
  5449 | D:4      | Slain by a killer bee

Levels and vault maps discovered:
D:1:      mrwooster_arrival_arrow, layout_basic, dk_noncrumbling_4
D:2:      layout_loops_cross, marbit_many_paths, uniq_robin, uniq_natasha
D:3:      layout_basic, chequers_ecumenical_altar_simple, serial_bayou_pond_a,
          feat_on_display
D:4:      kennysheep_the_goblin_king, layout_gridville, minitemple,
          lightli_ossuary_entry_decrepit_ruins, nicolae_elemental_shop
D:5:      layout_cave_pools, grunt_temple_overflow_open, first_ration,
          gammafunk_ghost_nasty_kobolds, serial_shops, shop_statue, shop,
          nicolae_shop_statue_plus, nicolae_shop_behind_doors

Skill      XL: |  1  2  3  4  5  6  7 |
---------------+----------------------+-----
Bows           | 6 7 8 9 |  9.4
Dodging        | 2 |  2.0
Fighting       | 3 4 |  4.5
Polearms       | 1 2 |  2.1
Armour         | |  0.5
Stealth        | |  0.4

Action                   |  1- 3 |  4- 6 |  7- 9 || total
-------------------------+-------+-------+-------++-------
Melee: Dagger            |    12 |     2 |       ||    14
       Spear             |       |    28 |       ||    28
       Kick              |       |    14 |       ||    14
 Fire: Shortbow          |    84 |   210 |    86 ||   380
  Use: Scroll            |       |       |     3 ||     3
       Potion            |       |       |     3 ||     3
  Eat: Chunk             |       |     6 |     1 ||     7
       Ration            |       |       |     1 ||     1
Armor: Leather armour    |    10 |    15 |       ||    25
       Ring mail         |       |       |    15 ||    15
       Skin              |       |       |    13 ||    13
Dodge: Dodged            |    13 |    19 |    18 ||    50

Table legend:
 A = Non-vault XP
 B = Vault XP
 C = Vault XP percentage of total XP
 D = Non-vault monster count
 E = Vault monster count
 F = Vault count percentage of total count
                 A         B        C        D         E       F
            +---------+---------+-------+---------+---------+-------
      Total |     430 |     551 |  56.2 |      59 |      33 |  35.9
            +---------+---------+-------+---------+---------+-------
        D:1 |      20 |       0 |   0.0 |      13 |       0 |   0.0
        D:2 |     116 |      69 |  37.3 |      24 |      10 |  29.4
        D:3 |      73 |       0 |   0.0 |      15 |       0 |   0.0
        D:4 |     176 |      43 |  19.6 |       4 |       7 |  63.6
        D:5 |      45 |       0 |   0.0 |       3 |       0 |   0.0
    Ossuary |       0 |     439 | 100.0 |       0 |      16 | 100.0
            +---------+---------+-------+---------+---------+-------
